 Dungeon Crawl Stone Soup version 0.16.1-51-g6203257 (webtiles) character file.

4359 kae the Schismatic (level 10, -9/73 HPs)
             Began as a Demonspawn Abyssal Knight on July 12, 2015.
             Was an Elder of Lugonu.
             Mangled by Erolcha
             ... wielding a +0 giant club
              (20 damage)
             ... on level 9 of the Dungeon.
             The game lasted 00:15:31 (8418 turns).

kae the Schismatic (Demonspawn Abyssal Knight)      Turns: 8418, Time: 00:15:31

Health: -9/73      AC: 16    Str:  9    XL:     10   Next: 12%
Magic:  33/33      EV: 12    Int: 16    God:    Lugonu [****..]
Gold:   381        SH:  0    Dex: 23    Spells: 0 memorised, 9 levels left

rFire  . . .     SeeInvis +     J - +0 flail (crush)
rCold  . . .     Clarity  .     t - +3 ring mail "Skiakokuupp" {rN+ MP+9 Str-5 Dex+4 SInv}
rNeg   + . .     SustAb   .     (no shield)
rPois  .         Gourm    .     (helmet restricted)
rElec  .         Spirit   .     h - +2 cloak
rCorr  .         Warding  .     (no gloves)
rMut   .         Stasis   .     o - +2 pair of boots
MR     .....                    (no amulet)
Stlth  ++........               w - -2 ring of evasion (curse)
                                y - +2 ring of intelligence

@: agile, very slightly contaminated, drained, invisible, not resistant to
hostile enchantments, unstealthy
A: antennae 1, rugged brown scales 2, powered by death 2, spiny 1
a: Depart the Abyss, Bend Space, Banish, Corrupt, Renounce Religion


You were on level 9 of the Dungeon.
You worshipped Lugonu.
Lugonu was greatly pleased with you.
You were very hungry.

You visited 1 branch of the dungeon, and saw 9 of its levels.
You visited the Abyss 1 time.

You collected 620 gold pieces.
You spent 239 gold pieces at shops.

Inventory:

Hand weapons
 a - a +2 mace
 J - a +0 flail of crushing (weapon)
Armour
 b - a +0 leather armour
 h - a +2 cloak (worn)
 m - a +1 helmet
 o - a +2 pair of boots (worn)
 t - the +3 ring mail "Skiakokuupp" (worn) {rN+ MP+9 Str-5 Dex+4 SInv}
   (You found it on level 5 of the Dungeon)

   It affects your strength (-5).
   It affects your dexterity (+4).
   It protects you from negative energy.
   It affects your magic capacity (+9).
   It enhances your eyesight.
Jewellery
 j - an uncursed ring of magical power
 w - a cursed -2 ring of evasion (right hand)
 y - a +2 ring of intelligence (left hand)
 G - an uncursed amulet of resist mutation
 Q - an uncursed ring of fire {unknown}
Magical devices
 r - a wand of slowing (18)
 x - a wand of lightning (1)
 D - a wand of paralysis (10)
 I - a wand of paralysis (12)
 L - a wand of magic darts (27)
Scrolls
 d - a scroll of fear
 e - 5 scrolls of remove curse
 i - 7 scrolls of amnesia
 A - 2 scrolls of teleportation
 H - a scroll of torment {unknown}
 M - a scroll of blinking
 N - a scroll of magic mapping {unknown}
Potions
 l - a potion of invisibility
 n - a potion of resistance
 p - a potion of magic
 q - a potion of degeneration
 s - 2 potions of flight
 u - 3 potions of curing
 z - a potion of haste
 B - a potion of poison
 C - 2 potions of lignification
 F - a potion of cancellation
Books
 E - Sif Muna's Incunabulum of the Supportive Frostbite
   (You found it on level 5 of the Dungeon)

   Spells                             Type                      Level
   a - Freeze                         Ice                          1
   b - Ensorcelled Hibernation        Hexes/Ice                    2
   c - Ozocubu's Armour               Charms/Ice                   3
   d - Recall                         Summoning/Translocation      3
   e - Shadow Creatures               Summoning                    5
   f - Simulacrum                     Ice/Necromancy               6
 S - a book of Fire

   Spells                             Type                      Level
   a - Ignite Poison                  Fire/Transmutation           5
   b - Fireball                       Conjuration/Fire             5
   c - Bolt of Fire                   Conjuration/Fire             6
   d - Delayed Fireball               Conjuration/Fire             7
   e - Ring of Flames                 Charms/Fire                  7
Comestibles
 c - 8 bread rations
 f - 4 beef jerkies
 g - a royal jelly
 k - 4 meat rations
 v - 8 fruits
 P - a slice of pizza
 R - a chunk of flesh


   Skills:
 - Level 3.0(1.9) Fighting
 * Level 11.1(9.8) Maces & Flails
 - Level 1.7(0.7) Armour
 - Level 0.8(0.0) Dodging
 + Level 11.1(9.8) Invocations


You had 9 spell levels left.
You didn't know any spells.

Dungeon Overview and Level Annotations

Branches:
Dungeon (9/15)             Temple (0/1) D:5             Orc (0/4) D:9
   Lair: D:8-11

Altars:
Ashenzari
Cheibriados
Elyvilon
Gozag
Kikubaaqudgha
Makhleb
Qazlal
Ru
Vehumet
Xom
Zin

Shops:
D:5 *   D:6 :

Annotations:
D:9 Erolcha
Abyss:1 Grum


Innate Abilities, Weirdness & Mutations

You have a pair of small antennae on your head.
You are mostly covered in rugged brown scales (AC +2, +5% HP).
You can steal the life force of defeated enemies.
You are partially covered in sharp spines.


Message History

You hit Erolcha.
Erolcha is severely wounded.
Erolcha casts a spell at you. You resist with some effort.
Erolcha casts a spell at you. The bolt of lightning hits you!
* * * LOW HITPOINT WARNING * * *
You are too injured to fight recklessly!
You are too injured to fight recklessly!
Unknown command.
Drink which item? (? for menu, Esc to quit)
You feel better. Erolcha hits you but does no damage.
Drink which item? (? for menu, Esc to quit)
You fade into invisibility!
Erolcha drinks a potion.
Erolcha is healed!
You have identified the last healing potion.
You barely miss Erolcha.
Erolcha is moderately wounded.
Erolcha hits you with a giant club!!
You die...

###......#.##### #y# ..
#.######.#...#
#.#.#.#.##
#........#...#
#<.l.....#
#........#...#
#(###.####
#........#...# #..
#........#...# ####
##.......#...#
#.#####.#...##########
............)O@.........
###.#####.#...##....##..
... #.#...##....# #.
#.#...##....#
#.#...##....#
#.######....# #.. ....##
#.. .....# . ......#


You could see Erolcha.

Vanquished Creatures
  Prince Ribbit (D:4)
  2 hippogriffs (D:9)
  Eustachio (D:7)
  2 wyverns
  4 wolves
  Edmund (D:7)
  A black bear (D:8)
  An orc warrior (D:6)
  A wasp (D:7)
  4 centaurs
  3 sky beasts
  2 phantoms (D:8)
  Duvessa (D:9)
  5 giant frogs
  2 ogres
  Blork the orc (D:9)
  A killer bee (D:8)
  A goliath beetle (D:7)
  4 hounds
  Dowan (D:9)
  2 crimson imps
  A giant frog zombie (D:7)
  2 jellies
  A gnoll shaman (D:6)
  A giant frog skeleton (D:6)
  A centaur skeleton (D:5)
  2 orc priests
  4 orc wizards
  4 iguanas
  4 worker ants
  5 gnolls (D:6)
  3 river rats (D:7)
  A shadow imp (D:5)
  10 adders
  5 worms
  3 adder skeletons
  6 giant geckos
  18 orcs
  A ball python (D:3)
  20 bats
  2 bat skeletons
  A bat zombie (D:5)
  4 giant cockroaches
  14 goblins
  15 hobgoblins
  A jackal (D:6)
  4 quokkas
  6 giant newts
  11 kobolds
  A quokka skeleton (D:4)
  15 rats
  A fungus (D:4)
208 creatures vanquished.

Notes
Turn   | Place    | Note
--------------------------------------------------------------
     0 | Abyss:1  | kae, the Demonspawn Abyssal Knight, began the quest for the Orb.
     0 | Abyss:1  | Reached XP level 1. HP: 18/18 MP: 1/1
     6 | Abyss:1  | Found a corrupted altar of Lugonu.
    76 | Abyss:1  | Noticed a neqoxec
    97 | Abyss:2  | Noticed an apocalypse crab
   104 | Abyss:2  | Paralysed by you for 4 turns
   111 | D:1      | Escaped the Abyss
   279 | D:1      | Gained mutation: You are partially covered in rugged brown scales (AC +1, +3% HP). [demonic ancestry]
   279 | D:1      | Reached XP level 2. HP: 16/24 MP: 2/2
   320 | D:1      | Acquired Lugonu's first power
   948 | D:2      | Found a shattered altar of Ashenzari.
   999 | D:2      | Gained mutation: You are mostly covered in rugged brown scales (AC +2, +5% HP). [demonic ancestry]
   999 | D:2      | Reached XP level 3. HP: 23/30 MP: 5/5
  1379 | D:2      | Found a stormy altar of Qazlal.
  1434 | D:2      | Reached skill level 4 in Invocations
  1581 | D:3      | Gained mutation: You are partially covered in sharp spines. [demonic ancestry]
  1581 | D:3      | Reached XP level 4. HP: 36/36 MP: 7/7
  1596 | D:3      | Found a radiant altar of Vehumet.
  1672 | D:3      | Found a shimmering altar of Xom.
  1673 | D:3      | Found a burning altar of Makhleb.
  1694 | D:3      | Paralysed by a crimson imp for 5 turns
  1828 | D:3      | Found a sacrificial altar of Ru.
  1904 | D:3      | Found a white marble altar of Elyvilon.
  2037 | D:3      | Reached XP level 5. HP: 33/43 MP: 9/9
  2433 | D:3      | Found an opulent altar of Gozag.
  2505 | D:4      | Acquired Lugonu's second power
  2590 | D:4      | Found a glowing silver altar of Zin.
  3002 | D:4      | Noticed an ogre
  3012 | D:4      | Killed an ogre
  3012 | D:4      | Reached skill level 5 in Invocations
  3012 | D:4      | Gained mutation: You can steal the life force of nearby defeated enemies. [demonic ancestry]
  3012 | D:4      | Reached XP level 6. HP: 18/49 MP: 9/11
  3045 | D:4      | Reached skill level 5 in Maces & Flails
  3138 | D:4      | Noticed Prince Ribbit
  3154 | D:4      | Killed Prince Ribbit
  3154 | D:4      | Reached skill level 6 in Invocations
  3193 | D:4      | Reached XP level 7. HP: 54/54 MP: 15/15
  3433 | D:5      | Entered Level 5 of the Dungeon
  3443 | D:5      | Got a fine ring mail
  3467 | D:5      | Identified the +3 ring mail "Skiakokuupp" {rN+ MP+9 Str-5 Dex+4 SInv} (You found it on level 5 of the Dungeon)
  3542 | D:5      | Found a staircase to the Ecumenical Temple.
  3837 | D:5      | Identified Sif Muna's Incunabulum of the Supportive Frostbite
  4253 | D:5      | Found a snail-covered altar of Cheibriados.
  4307 | D:5      | Found Bulix's Assorted Antiques.
  4318 | D:5      | Acquired Lugonu's third power
  4334 | D:5      | Bought a crooked gold wand for 72 gold pieces
  4334 | D:5      | Bought a fizzy grey potion for 16 gold pieces
  4334 | D:5      | Bought a smoky red potion for 16 gold pieces
  4334 | D:5      | Bought a scroll of enchant armour for 135 gold pieces
  4554 | D:6      | Reached skill level 7 in Invocations
  4728 | D:6      | Found Ymeha's Book Shop.
  4774 | D:6      | Gained mutation: You have a pair of small antennae on your head. [demonic ancestry]
  4774 | D:6      | Reached XP level 8. HP: 41/60 MP: 18/18
  5138 | D:6      | Reached skill level 8 in Invocations
  5922 | D:7      | Paralysed by a wasp for 1 turns
  5925 | D:7      | Reached skill level 9 in Invocations
  6014 | D:7      | Noticed Edmund
  6027 | D:7      | Killed Edmund
  6047 | D:7      | Found an ancient bone altar of Kikubaaqudgha.
  6098 | D:7      | Gained mutation: You can steal the life force of defeated enemies. [demonic ancestry]
  6098 | D:7      | Reached XP level 9. HP: 50/66 MP: 21/21
  6178 | D:7      | Acquired Lugonu's fourth power
  6309 | D:7      | Noticed Eustachio
  6392 | D:7      | Killed Eustachio
  6874 | D:8      | Reached skill level 10 in Invocations
  6886 | D:8      | Reached skill level 10 in Maces & Flails
  7509 | D:9      | Found a staircase to the Orcish Mines.
  7513 | D:9      | Noticed Grum
  7621 | D:8      | Banished Grum
  8080 | D:9      | Reached XP level 10. HP: 24/73 MP: 24/24
  8169 | D:9      | Reached skill level 11 in Invocations
  8268 | D:9      | Noticed Blork the orc
  8279 | D:9      | Killed Blork the orc
  8320 | D:9      | Noticed Dowan
  8321 | D:9      | Noticed Duvessa
  8347 | D:9      | Killed Duvessa
  8358 | D:9      | Killed Dowan
  8392 | D:9      | Noticed Erolcha
  8415 | D:9      | HP: 3/73 [Erolcha/bolt of lightning (25)]
  8418 | D:9      | Mangled by Erolcha

Action                   |  1- 3 |  4- 6 |  7- 9 | 10-12 || total
-------------------------+-------+-------+-------+-------++-------
Melee: Mace              |   111 |   187 |   365 |       ||   663
       Flail             |       |       |   271 |    73 ||   344
Throw: Throwing net      |       |     1 |     1 |       ||     2
Invok: Depart the Abyss  |     1 |       |       |       ||     1
       Bend Space        |       |       |     1 |       ||     1
       Banish            |       |       |     1 |       ||     1
Evoke: Wand              |       |       |     4 |       ||     4
  Use: Potion            |       |     4 |       |     4 ||     8
       Scroll            |       |       |    17 |     2 ||    19
 Stab: Sleeping          |     1 |       |       |       ||     1
       Invisible         |       |     2 |       |       ||     2
  Eat: Chunk             |     3 |     6 |    17 |       ||    26
